SKY
TORONTO BLUE JAYS @ MONTREAL EXPOS
04/16/2052
 
TOP OF THE 1ST
Toronto Blue Jays batting - Pitching for Montreal Expos : LHP John Sullivan
Pitching: LHP John Sullivan
Batting: LHB Connor Thomas 0-0: Ball
1-0: Ground out 4-3 (Groundball, 4, EV 98.8 MPH)
Batting: RHB Mike Asawawong 0-0: Called Strike
0-1: Ball
1-1: Ground out 6-3 (Groundball, 6, EV 90.6 MPH)
Batting: LHB Jackson Kilsdonk 0-0: Called Strike
0-1: Fly out, F9 (Line Drive, 9S, EV 105.6 MPH)
Top of the 1st over - 0 runs, 0 hits, 0 errors, 0 left on base; Toronto 0 - Montreal 0
BOTTOM OF THE 1ST
Montreal Expos batting - Pitching for Toronto Blue Jays : LHP Kevin Alessandroni
Pitching: LHP Kevin Alessandroni
Batting: RHB Rusty Reffitt 0-0: Ground out 6-3 (Groundball, 6, EV 80.6 MPH)
Batting: LHB Jimmy Miramontes 0-0: Ball
1-0: Called Strike
1-1: Ball
2-1: Swinging Strike
2-2: Ball
3-2: Foul Ball, location: 2F
3-2: Strikes out swinging
Batting: RHB Brian Ottman 0-0: Foul Ball, location: 2F
0-1: Ball
1-1: Ball
2-1: Ball
3-1: Base on Balls
Batting: RHB Ricky Sytsma 0-0: Called Strike
Brian Ottman steals 2nd base
0-1: Foul Ball, location: 9LMF
0-2: Strikes out looking
Bottom of the 1st over - 0 runs, 0 hits, 0 errors, 1 left on base; Toronto 0 - Montreal 0
TOP OF THE 2ND
Toronto Blue Jays batting - Pitching for Montreal Expos : LHP John Sullivan
Batting: RHB Jayden Bice 0-0: Ball
1-0: Ball
2-0: Swinging Strike
2-1: Foul Ball, location: 3DF
2-2: Ball
3-2: Fly out, F9 (Flyball, 9LMF, EV 93.8 MPH)
Batting: RHB Atlas Alvarado 0-0: Ball
1-0: Called Strike
1-1: Ball
2-1: Foul Ball, location: 3SF
2-2: Foul Ball, location: 2F
2-2: Ground out 5-3 (Groundball, 56S, EV 90.0 MPH)
Batting: LHB Gael Villarreal 0-0: Ball
1-0: Called Strike
1-1: Ground out 4-3 (Groundball, 4S, EV 83.1 MPH)
Top of the 2nd over - 0 runs, 0 hits, 0 errors, 0 left on base; Toronto 0 - Montreal 0
BOTTOM OF THE 2ND
Montreal Expos batting - Pitching for Toronto Blue Jays : LHP Kevin Alessandroni
Batting: RHB Jin-Seo Yun 0-0: Ball
1-0: Ball
2-0: Called Strike
2-1: Swinging Strike
2-2: Ball
3-2: Foul Ball, location: 5DF
3-2: Base on Balls
Batting: LHB Valentin Suárez 0-0: Ball
1-0: Foul Ball, location: 9LSF
1-1: Called Strike
1-2: Fly out, F8 (Flyball, 8RM, EV 90.6 MPH)
Batting: SHB Dylan Jakab 0-0: Called Strike
0-1: Swinging Strike
0-2: Ball
1-2: Strikes out swinging
Batting: LHB Daryl Henderson 0-0: Ball
1-0: Ball
2-0: Foul Ball, location: 2F
2-1: Ball
3-1: Swinging Strike
3-2: Strikes out swinging
Bottom of the 2nd over - 0 runs, 0 hits, 0 errors, 1 left on base; Toronto 0 - Montreal 0
TOP OF THE 3RD
Toronto Blue Jays batting - Pitching for Montreal Expos : LHP John Sullivan
Batting: RHB Ernie Brox 0-0: SINGLE (Line Drive, 9S, EV 105.6 MPH)
Pitching: RHP Elliott Raber
Batting: SHB Mendy Pérez 0-0: Ball
1-0: Called Strike
1-1: Called Strike
1-2: Foul Ball, location: 7LDF
1-2: SINGLE (Line Drive, 8LS, EV 107.5 MPH)
Ernie Brox to second
Batting: RHB Nolan Reid 0-0: Ball
1-0: Ball
2-0: Sac Bunt to 2R - play at third, runner OUT! 2-5
Mendy Pérez to second
Batting: LHB Connor Thomas 0-0: Reached via error on a dropped throw from 3B, E3 (Groundball, 56S, EV 73.1 MPH)
Mendy Pérez to third
Nolan Reid to second
Batting: RHB Mike Asawawong 0-0: Ball
1-0: Ball
2-0: Called Strike
2-1: Ball
3-1: Called Strike
3-2: Foul Ball, location: 2F
3-2: Grounds into double play, 6-4-3 (Groundball, 6, EV 85.6 MPH)
Top of the 3rd over - 0 runs, 2 hits, 1 error, 2 left on base; Toronto 0 - Montreal 0
BOTTOM OF THE 3RD
Montreal Expos batting - Pitching for Toronto Blue Jays : LHP Kevin Alessandroni
Batting: RHB Owen Dyche 0-0: Swinging Strike
0-1: Ball
1-1: Foul Ball, location: 2F
1-2: Foul Ball, location: 3F
1-2: Strikes out looking
Batting: RHB Rusty Reffitt 0-0: Called Strike
0-1: Fly out, F9 (Flyball, 9, EV 83.1 MPH)
Batting: LHB Jimmy Miramontes 0-0: Called Strike
0-1: Called Strike
0-2: Strikes out swinging, 2-3 out at first.
Bottom of the 3rd over - 0 runs, 0 hits, 0 errors, 0 left on base; Toronto 0 - Montreal 0
TOP OF THE 4TH
Toronto Blue Jays batting - Pitching for Montreal Expos : RHP Elliott Raber
Pitching: RHP Russell Coe
Batting: LHB Jackson Kilsdonk 0-0: Called Strike
0-1: Ball
1-1: Called Strike
1-2: Ball
2-2: Ground out 6-3 (Groundball, 6, EV 84.4 MPH)
Batting: RHB Jayden Bice 0-0: Ball
1-0: Fly out, F9 (Flyball, 9D, EV 102.5 MPH)
Batting: RHB Atlas Alvarado 0-0: Ball
1-0: Ground out 4-3 (Groundball, 4MS, EV 88.1 MPH)
Top of the 4th over - 0 runs, 0 hits, 0 errors, 0 left on base; Toronto 0 - Montreal 0
BOTTOM OF THE 4TH
Montreal Expos batting - Pitching for Toronto Blue Jays : LHP Kevin Alessandroni
Batting: RHB Brian Ottman 0-0: Ball
1-0: Called Strike
1-1: Ball
2-1: SINGLE (Groundball, 34D, EV 96.9 MPH)
Batting: RHB Ricky Sytsma 0-0: Foul Ball, location: 2F
0-1: Swinging Strike
0-2: Ball
1-2: Foul Ball, location: 9LMF
1-2: Ball
2-2: Strikes out swinging
Batting: RHB Jin-Seo Yun 0-0: Called Strike
0-1: Ball
1-1: Ball
2-1: Foul Ball, location: 25FF
2-2: Ground out 5-3 (Groundball, 5, EV 83.1 MPH)
Brian Ottman to second
Batting: LHB Valentin Suárez 0-0: Ball
1-0: Foul Ball, location: 2F
1-1: Fly out, F6 (Popup, 6S, EV 78.8 MPH)
Bottom of the 4th over - 0 runs, 1 hit, 0 errors, 1 left on base; Toronto 0 - Montreal 0
TOP OF THE 5TH
Toronto Blue Jays batting - Pitching for Montreal Expos : RHP Russell Coe
Batting: LHB Gael Villarreal 0-0: Fly out, F7 (Flyball, 7D, EV 101.9 MPH)
Batting: RHB Ernie Brox 0-0: Ball
1-0: Swinging Strike
1-1: Swinging Strike
1-2: Foul Ball, location: 9LDF
1-2: Strikes out swinging
Batting: SHB Mendy Pérez 0-0: Ball
1-0: Ground out 4-3 (Groundball, 4D, EV 108.8 MPH)
Top of the 5th over - 0 runs, 0 hits, 0 errors, 0 left on base; Toronto 0 - Montreal 0
BOTTOM OF THE 5TH
Montreal Expos batting - Pitching for Toronto Blue Jays : LHP Kevin Alessandroni
Batting: SHB Dylan Jakab 0-0: Called Strike
0-1: Ball
1-1: Swinging Strike
1-2: Strikes out swinging
Batting: LHB Daryl Henderson 0-0: Ball
1-0: Called Strike
1-1: Ball
2-1: DOUBLE (Line Drive, 9LM, EV 111.3 MPH)
Batting: RHB Owen Dyche 0-0: Ball
1-0: Ball
2-0: Ball
3-0: Called Strike
3-1: Called Strike
3-2: Foul Ball, location: 3FF
3-2: Base on Balls
Batting: RHB Rusty Reffitt 0-0: Ball
Daryl Henderson steals 3rd base
1-0: Called Strike
1-1: Ball
Owen Dyche steals 2nd, throwing error, E2
Daryl Henderson scores
Owen Dyche to third
2-1: Ground out 5-3 (Groundball, 56S, EV 89.4 MPH)
Owen Dyche scores
Batting: LHB Jimmy Miramontes 0-0: Ball
1-0: SINGLE (Groundball, 4MD, EV 108.8 MPH)
Batting: RHB Brian Ottman 0-0: Called Strike
0-1: Called Strike
0-2: Ball
1-2: Ball
2-2: Strikes out swinging, 2-3 out at first.
Bottom of the 5th over - 2 runs, 2 hits, 1 error, 1 left on base; Toronto 0 - Montreal 2
TOP OF THE 6TH
Toronto Blue Jays batting - Pitching for Montreal Expos : RHP Russell Coe
Batting: RHB Nolan Reid 0-0: Called Strike
0-1: Foul Ball, location: 2F
0-2: Ball
1-2: Ball
2-2: Fly out, F9 (Flyball, 89M, EV 82.5 MPH)
Batting: LHB Connor Thomas 0-0: Ball
1-0: Called Strike
1-1: Ball
2-1: Swinging Strike
2-2: Ball
3-2: Foul Ball, location: 23FF
3-2: Strikes out swinging
Batting: RHB Mike Asawawong 0-0: Ball
1-0: Ground out 5-3 (Groundball, 5, EV 88.1 MPH)
Top of the 6th over - 0 runs, 0 hits, 0 errors, 0 left on base; Toronto 0 - Montreal 2
BOTTOM OF THE 6TH
Montreal Expos batting - Pitching for Toronto Blue Jays : LHP Kevin Alessandroni
Batting: RHB Ricky Sytsma 0-0: Ball
1-0: Ground out 5-3 (Groundball, 56, EV 93.8 MPH)
Batting: RHB Jin-Seo Yun 0-0: Called Strike
0-1: Called Strike
0-2: Strikes out swinging
Batting: LHB Valentin Suárez 0-0: Ball
1-0: Ball
2-0: Called Strike
2-1: Ball
3-1: Base on Balls
Batting: SHB Dylan Jakab 0-0: Ball
1-0: Called Strike
1-1: Ball
2-1: Ball
3-1: DOUBLE (Flyball, 8LXD, EV 106.9 MPH)
Valentin Suárez to third
Batting: LHB Daryl Henderson 0-0: Called Strike
0-1: Fly out, F6 (Flyball, 56D, EV 93.1 MPH)
Bottom of the 6th over - 0 runs, 1 hit, 0 errors, 2 left on base; Toronto 0 - Montreal 2
TOP OF THE 7TH
Toronto Blue Jays batting - Pitching for Montreal Expos : RHP Russell Coe
Pitching: LHP Roger Johnson
Batting: LHB Jackson Kilsdonk 0-0: Called Strike
0-1: Ball
1-1: Foul Ball, location: 2F
1-2: SINGLE (Flyball, 3D, EV 85.6 MPH)
Batting: RHB Jayden Bice 0-0: Called Strike
0-1: Ball
1-1: Fly out, F5 (Popup, 5SF, EV 80.6 MPH)
Batting: RHB Atlas Alvarado 0-0: Called Strike
0-1: Ground out U3 (Groundball, 34S, EV 70.0 MPH)
Jackson Kilsdonk to second
Batting: LHB Gael Villarreal 0-0: TRIPLE (Flyball, 78XD, EV 90.0 MPH)
Jackson Kilsdonk scores
Batting: RHB Ernie Brox 0-0: Ball
1-0: Called Strike
1-1: Swinging Strike
1-2: Ball
2-2: Strikes out swinging
Top of the 7th over - 1 run, 2 hits, 0 errors, 1 left on base; Toronto 1 - Montreal 2
BOTTOM OF THE 7TH
Montreal Expos batting - Pitching for Toronto Blue Jays : LHP Kevin Alessandroni
Batting: RHB Owen Dyche 0-0: Ball
1-0: Foul Ball, location: 2F
1-1: Foul Ball, location: 25F
1-2: Fly out, F8 (Flyball, 8LD, EV 96.9 MPH)
Pitching: RHP David Hitz
Batting: RHB Rusty Reffitt 0-0: Ball
1-0: Ground out 6-3 (Groundball, 6, EV 83.1 MPH)
Batting: LHB Jimmy Miramontes 0-0: SINGLE (Line Drive, 34, EV 101.3 MPH)
Batting: RHB Brian Ottman 0-0: Fly out, F8 (Flyball, 89M, EV 92.5 MPH)
Bottom of the 7th over - 0 runs, 1 hit, 0 errors, 1 left on base; Toronto 1 - Montreal 2
TOP OF THE 8TH
Toronto Blue Jays batting - Pitching for Montreal Expos : LHP Roger Johnson
Batting: SHB Mendy Pérez 0-0: Called Strike
0-1: Foul Ball, location: 9LMF
0-2: Ball
1-2: Ball
2-2: Ground out 6-3 (Groundball, 6, EV 103.1 MPH)
Batting: RHB Nolan Reid 0-0: Called Strike
0-1: Swinging Strike
0-2: Strikes out swinging
Batting: LHB Connor Thomas 0-0: DOUBLE (Line Drive, 7LS, EV 94.4 MPH)
Pitching: RHP Mason McKinney
Batting: RHB Mike Asawawong 0-0: Ground out 4-3 (Groundball, 4M, EV 83.8 MPH)
Top of the 8th over - 0 runs, 1 hit, 0 errors, 1 left on base; Toronto 1 - Montreal 2
BOTTOM OF THE 8TH
Montreal Expos batting - Pitching for Toronto Blue Jays : RHP David Hitz
Pitching: LHP Brent Brown
Batting: RHB Ricky Sytsma 0-0: Ball
1-0: SOLO HOME RUN (Flyball, 9D, EV 106.9 MPH), Distance : 399 ft
Batting: RHB Jin-Seo Yun 0-0: Called Strike
0-1: Foul Ball, location: 2F
0-2: Ball
1-2: Ball
2-2: Foul Ball, location: 2F
2-2: Strikes out swinging
Batting: LHB Valentin Suárez 0-0: Foul Ball, location: 25F
0-1: Foul Ball, location: 7LSFF
0-2: Strikes out swinging
Batting: SHB Dylan Jakab 0-0: Ball
1-0: Foul Ball, location: 9LSF
1-1: Fly out, F9 (Flyball, 89D, EV 88.1 MPH)
Bottom of the 8th over - 1 run, 1 hit, 0 errors, 0 left on base; Toronto 1 - Montreal 3
TOP OF THE 9TH
Toronto Blue Jays batting - Pitching for Montreal Expos : RHP Mason McKinney
Batting: LHB Jackson Kilsdonk 0-0: Called Strike
0-1: Called Strike
0-2: Ball
1-2: Ball
2-2: Ball
3-2: Foul Ball, location: 7LMF
3-2: Fly out, F7 (Flyball, 7LS, EV 91.9 MPH)
Batting: RHB Jayden Bice 0-0: Swinging Strike
0-1: DOUBLE (Line Drive, 7LD, EV 106.3 MPH)
Batting: RHB Atlas Alvarado 0-0: Ball
1-0: Ball
2-0: Ball
3-0: Called Strike
3-1: Foul Ball, location: 23F
3-2: Ground out 6-3 (Groundball, 6, EV 81.3 MPH)
Batting: LHB Gael Villarreal 0-0: Called Strike
0-1: Swinging Strike
0-2: Ball
1-2: Strikes out swinging
Top of the 9th over - 0 runs, 1 hit, 0 errors, 1 left on base; Toronto 1 - Montreal 3
Wednesday, April 17th , 2024 - OOTP Baseball 24.11 Build 85